Map: Overgrowth LE (Void)

Players

FLORENCIO - Winner!

  • Race: Protoss Protoss
  • League: Diamond
  • Spawn Location: 1:00

BobRoss

  • Race: Zerg Zerg
  • Spawn Location: 7:00

VOD

Have the link to the VOD?

Description

Time

  • Played on: Nov. 25, 2016, 10:09 p.m.
  • Length: 17:28
Show
View Real Time Build Order
Export as new Build Order

FLORENCIO Protoss - Winner!

Build Orders:  

Get SALT Encoding   

  12  0:00  Probe (Chrono Boost)  
  13  0:15  Pylon  
  13  0:18  Probe (Chrono Boost)  
  15  0:28  Probe (Chrono Boost)  
  15  0:39  Probe (Chrono Boost)  
  16  0:42  Gateway  
  16  0:49  Gateway  
  16  0:54  Probe (Chrono Boost)  
  17  1:00  Pylon  
  17  1:04  Probe (Chrono Boost)  
  18  1:15  Probe (Chrono Boost)  
  18  1:17  Assimilator  
  19  1:28  Forge  
  19  1:29  Probe (Chrono Boost)  
  19  1:32  Zealot (Chrono Boost)  
  24  1:41  Probe, Zealot (Chrono Boost)  
  25  1:53  Probe  
  26  1:56  Zealot (Chrono Boost)  
  28  2:08  Zealot (Chrono Boost)  
  30  2:11  Photon Cannon  
  30  2:12  Probe  
  31  2:39  Nexus  
  31  2:44  Assimilator  
  31  2:46  Pylon  
  31  3:04  Probe  
  24  3:29  Photon Cannon  
  24  3:30  Nexus  
  24  3:33  Pylon  
  24  3:34  Probe  
  24  3:41  Cybernetics Core  
  25  3:44  Photon Cannon  
  25  3:49  Probe  
  25  3:54  Protoss Ground Weapons Level 1 (Chrono Boost)  
  26  3:58  Zealot (Chrono Boost)  
  30  4:12  Probe, Zealot (Chrono Boost)  
  31  4:22  Zealot (Chrono Boost)  
  31  4:23  Probe, Mothership Core  
  36  4:37  Zealot  
  38  4:41  Probe  
  38  4:44  Probe  
  40  4:48  Zealot  
  40  4:49  Probe  
  40  4:52  Probe  
  43  4:56  Probe  
  43  4:59  Probe  
  45  5:01  Pylon  
  45  5:02  Probe  
  47  5:09  Probe  
  47  5:10  Probe  
  47  5:13  Probe  
  47  5:14  Zealot  
  51  5:15  Zealot  
  51  5:20  Probe  
  54  5:22  Assimilator  
  54  5:23  Probe  
  54  5:28  Assimilator  
  56  5:31  Probe  
  56  5:32  Pylon  
  57  5:39  Probe  
  57  5:41  Zealot  
  57  5:42  Probe  
  60  5:49  Probe  
  62  6:00  Photon Cannon  
  62  6:02  Photon Cannon  
  62  6:05  Pylon, Photon Cannon  
  58  6:25  Probe  
  54  6:30  Pylon  
  49  6:38  Photon Cannon  
  49  6:41  Probe  
  49  6:43  Stargate, Probe  
  49  6:44  Stargate  
  49  6:45  Probe, Stargate  
  52  6:47  Stargate  
  52  6:49  Assimilator  
  52  6:52  Probe  
  52  6:54  Probe, Assimilator  
  53  6:56  Pylon  
  53  6:57  Probe  
  53  6:59  Photon Cannon  
  55  7:03  Pylon  
  55  7:05  Probe  
  56  7:09  Probe  
  56  7:12  Pylon  
  57  7:15  Probe  
  58  7:26  Fleet Beacon  
  58  7:27  Probe  
  59  7:36  Probe  
  60  7:38  Probe x2  
  62  7:48  Probe x2  
  54  8:12  Carrier x2  
  54  8:13  Carrier x2  
  78  8:27  Pylon  
  78  8:28  Graviton Catapult (Chrono Boost)  
  78  8:32  Pylon  
  78  8:34  Pylon  
  78  8:36  Pylon  
  78  8:39  Pylon  
  78  9:12  Photon Cannon  
  78  9:13  Photon Cannon  
  78  9:14  Photon Cannon  
  76  9:17  Pylon  
  76  9:26  Pylon  
  76  9:27  Pylon  
  76  9:30  Pylon  
  76  9:36  Gateway  
  76  9:37  Pylon  
  76  9:40  Pylon  
  76  9:41  Pylon  
  76  9:45  Gateway  
  76  9:46  Pylon  
  75  9:53  Carrier  
  81  10:06  Gateway  
  81  10:16  Forge  
  62  11:06  Carrier x2  
  74  11:31  Photon Cannon  
  74  11:33  Photon Cannon  
  74  11:34  Photon Cannon  
  74  11:38  Pylon  
  74  11:39  Photon Cannon  
  74  11:42  Pylon  
  80  12:45  Void Ray x2 (Chrono Boost)  
  80  12:48  Void Ray x2 (Chrono Boost)  
  84  13:19  Pylon  
  84  13:20  Pylon  
  84  13:22  Probe  
  84  13:26  Void Ray (Chrono Boost)  
  84  13:27  Void Ray (Chrono Boost)  
  94  13:34  Probe  
  80  13:57  Mothership Core  
  82  14:18  Void Ray x2 (Chrono Boost)  
  82  14:24  Void Ray (Chrono Boost)  
  98  14:34  Void Ray (Chrono Boost)  
  98  15:32  Void Ray x2 (Chrono Boost)  
  110  15:38  Void Ray (Chrono Boost)  
  88  16:34  Void Ray x2 (Chrono Boost)  
Show
View Real Time Build Order
Export as new Build Order

BobRoss Zerg 

Build Orders: 3 Hatch before Pool 

Get SALT Encoding   

  12  0:01  Drone  
  13  0:13  Overlord  
  13  0:19  Drone  
  14  0:33  Drone  
  14  0:34  Drone  
  16  0:35  Drone  
  17  0:53  Hatchery  
  17  0:56  Drone  
  17  1:02  Drone  
  18  1:20  Hatchery  
  18  1:22  Extractor  
  16  1:27  Drone  
  17  1:36  Spawning Pool  
  17  1:39  Drone  
  17  1:45  Drone x2  
  19  1:50  Drone  
  20  2:02  Overlord  
  20  2:07  Drone  
  21  2:13  Drone  
  22  2:17  Drone  
  23  2:24  Queen x2  
  23  2:29  Metabolic Boost  
  27  2:34  Zergling x2  
  27  2:36  Zergling x2  
  29  2:38  Zergling x2  
  29  2:40  Zergling x2  
  29  2:42  Zergling x2  
  32  2:46  Zergling x2  
  32  2:47  Zergling x2  
  32  2:49  Zergling x2  
  35  2:54  Zergling x2  
  35  2:55  Zergling x2  
  37  3:01  Queen  
  39  3:06  Zergling x4  
  41  3:16  Zergling x2  
  41  3:17  Zergling x4  
  41  3:23  Drone  
  41  3:26  Overlord  
  40  3:35  Queen, Evolution Chamber  
  41  3:47  Overlord  
  41  3:48  Drone x5  
  43  3:49  Drone  
  43  3:52  Drone  
  43  3:54  Drone  
  43  3:55  Extractor  
  48  3:58  Drone  
  49  4:05  Overlord  
  49  4:09  Spore Crawler  
  46  4:11  Spore Crawler  
  45  4:21  Drone  
  45  4:22  Drone x3  
  49  4:24  Zerg Melee Weapons Level 1  
  49  4:31  Drone x3  
  49  4:32  Drone x2  
  49  4:34  Drone  
  49  4:37  Drone  
  56  4:45  Drone x3  
  59  4:53  Drone x2  
  59  4:54  Drone  
  59  4:55  Extractor, Evolution Chamber  
  60  5:00  Overlord  
  60  5:01  Drone x2  
  60  5:06  Pneumatized Carapace  
  62  5:08  Lair  
  62  5:10  Drone  
  63  5:17  Drone  
  63  5:18  Drone x2  
  66  5:27  Drone x4  
  66  5:28  Overlord, Drone x3  
  73  5:36  Zerg Ground Armor Level 1  
  73  5:38  Drone  
  73  5:40  Overlord  
  74  5:47  Drone x2  
  74  5:48  Drone  
  77  5:51  Extractor  
  77  5:52  Zergling x6  
  79  5:57  Zergling x6  
  79  6:03  Spine Crawler  
  80  6:05  Zergling x16  
  87  6:14  Zergling x6  
  82  6:19  Zergling x4  
  80  6:27  Zergling x14  
  80  6:32  Spine Crawler x2  
  84  6:33  Spine Crawler  
  84  6:36  Zerg Melee Weapons Level 2  
  84  6:38  Zergling x2  
  84  6:39  Zergling x4  
  86  6:40  Overlord  
  86  6:44  Drone  
  87  6:48  Zergling x2  
  88  7:01  Zergling x6  
  88  7:06  Hatchery  
  88  7:07  Drone x7  
  97  7:09  Baneling Nest, Extractor  
  97  7:10  Extractor  
  94  7:20  Drone  
  94  7:21  Overlord x4  
  94  7:22  Overlord  
  95  7:27  Burrow  
  95  7:37  Overlord x3  
  95  7:38  Zerg Ground Armor Level 2  
  95  7:47  Drone x6  
  95  7:49  Spine Crawler x2  
  95  7:50  Spine Crawler  
  98  7:52  Spine Crawler  
  92  8:08  Zergling x6  
  92  8:09  Zergling x12  
  92  8:10  Drone  
  100  8:19  Centrifical Hooks  
  100  8:21  Infestation Pit  
  100  8:22  Queen  
  101  8:38  Drone x2  
  101  8:39  Drone x3  
  101  8:40  Hatchery  
  105  8:50  Extractor  
  105  8:51  Extractor  
  105  8:52  Zergling x22  
  105  8:53  Hatchery, Zergling x4  
  105  8:55  Baneling x6  
  115  8:56  Baneling x3  
  115  8:57  Baneling  
  115  9:02  Hive  
  107  9:26  Zergling x2  
  107  9:27  Zergling x36  
  113  9:48  Spire x2  
  100  9:59  Zerg Missile Weapons Level 1  
  94  10:02  Spore Crawler x2  
  94  10:03  Spore Crawler, Drone x3  
  94  10:04  Drone  
  94  10:05  Spore Crawler  
  94  10:08  Spore Crawler  
  94  10:09  Spore Crawler  
  91  10:15  Zergling x24  
  103  10:27  Spore Crawler  
  96  10:29  Spore Crawler  
  96  10:30  Spore Crawler  
  74  10:57  Adrenal Glands  
  65  11:16  Corruptor x7  
  72  11:33  Corruptor x3  
  71  11:57  Corruptor x4  
  79  12:04  Mutalisk x2  
  79  12:07  Zergling x2  
  77  12:23  Corruptor  
  77  12:24  Corruptor  
  77  12:25  Corruptor  
  82  12:32  Corruptor  
  78  12:52  Corruptor x3  
  78  12:57  Drone x2  
  86  13:03  Drone  
  86  13:04  Drone x2  
  89  13:08  Zergling x2  
  90  13:23  Corruptor x2  
  94  13:32  Drone x3  
  94  13:33  Drone x2  
  97  13:47  Corruptor x2  
  85  14:05  Drone  
  85  14:06  Drone x9  
  95  14:17  Corruptor  
  95  14:18  Corruptor  
  95  14:20  Corruptor  
  101  14:30  Corruptor, Spore Crawler  
  102  14:37  Corruptor  
  102  14:38  Corruptor  
  78  15:15  Spore Crawler  
  78  15:16  Spore Crawler  
  78  15:17  Spore Crawler  
  78  15:18  Corruptor  
  78  15:19  Corruptor x7  
  91  15:27  Queen  
  69  15:48  Corruptor x2  
  63  16:03  Corruptor  
  63  16:04  Corruptor  
  57  16:13  Spore Crawler  
  57  16:15  Spore Crawler  
Tags
 
Add a new tag
Caveats
  • Supply blocks, unpowered buildings, or Contaminate may cause inaccurate times.
  • Supply counts are checked every 10 seconds.